[Event "Titled Tuesday Blitz February 21 Early 2023"]
[White "Bharath Subramaniyam H"]
[Black "Malek, Jan"]
[WhiteFideId "46634827"]
[BlackFideId "21864080"]
[WhiteElo "2517"]
[BlackElo "2370"]
[Result "1/2-1/2"]
[Round "03"]
[TimeControl "180+2"]
[Date "2023.02.21"]
[WhiteClock "0:00:06"]
[BlackClock "0:00:05"]

1. e4 c5 2. Nf3 Nc6 3. Bc4 g6 4. O-O Bg7 5. c3 d6 6. h3 Nf6 7. Re1 O-O 8. d4 cxd4 9. cxd4 a6 10. Nc3 b5 11. Bf1 Bb7 12. d5 Na5 13. Nd4 Rc8 14. a3 Nc4 15. a4 b4 16. Nb1 Qb6 17. Bxc4 Rxc4 18. Be3 Nxd5 19. exd5 Bxd4 20. Nd2 Rc7 21. a5 Qa7 22. Nf3 Bxe3 23. Rxe3 Qc5 24. Rd3 Rfc8 25. Qd2 Qc2 26. Qh6 f6 27. Rd4 Qxb2 28. Re1 e5 29. dxe6 Bxf3 30. Rd2 Qc3 31. gxf3 Re8 32. Kg2 Rce7 33. Rde2 Qc4 34. Qe3 Rxe6 35. Qxe6+ Rxe6 36. Rxe6 Kg7 37. Rxd6 b3 38. Rb6 Qc3 39. Re7+ Kh6 40. Reb7 Qxa5 41. Rxb3 Qg5+ 42. Kf1 Qf5 43. Kg2 Qg5+ 44. Kh1 Kh5 45. R7b4 Qf5 46. Rg4 g5 47. Kg2 Qd5 48. Ra3 f5 49. Rga4 Qe5 50. Rxa6 Qf4 51. Rf6 Qe5 52. Raa6 g4 53. fxg4+ fxg4 54. hxg4+ Kxg4 55. Rf3 Qe4 56. Ra3 h5 57. Re3 Qd5 58. Rd3 Qe4 59. Re3 Qd5 60. Rb3 Qe4 61. Rc3 h4 62. Re3 h3+ 63. Kh2 Qxf3 64. Rxf3 Kxf3 65. Kxh3 Kxf2 1/2-1/2


[Site "https://www.chess.com"]

[Event "Titled Tuesday Blitz February 21 Early 2023"]
[White "Annaberdiyev, Meylis"]
[Black "Mitrabha, Guha"]
[WhiteFideId "14000563"]
[BlackFideId "5057000"]
[WhiteElo "2495"]
[BlackElo "2507"]
[Result "0-1"]
[Round "03"]
[TimeControl "180+2"]
[Date "2023.02.21"]
[WhiteClock "0:00:11"]
[BlackClock "0:01:46"]

1. e4 c6 2. d4 d5 3. exd5 cxd5 4. Bd3 Nf6 5. c3 Nc6 6. Bf4 Bg4 7. Qb3 Qd7 8. Nd2 e6 9. Ngf3 Bd6 10. Ne5 Qc7 11. O-O O-O 12. Rae1 Bh5 13. Bg3 Bg6 14. Nxg6 hxg6 15. Nf3 Bxg3 16. hxg3 Rab8 17. Ng5 b5 18. Qc2 Ne7 19. Qd2 b4 20. cxb4 Qb6 21. Qf4 Qxb4 22. Qh4 Nc6 23. Rc1 Nxd4 24. Rc7 Nf5 25. Qh3 Qd2 26. Bxf5 Qxg5 27. Bxe6 fxe6 28. Qxe6+ Kh8 29. f4 Qf5 30. Qe7 Rg8 31. Kf2 Rxb2+ 32. Ke3 d4+ 33. Kxd4 Qd5+ 34. Kc3 Qd2+ 35. Kc4 Rc2+ 36. Kb5 Rb8+ 37. Rb7 Qd5+ 0-1


[Site "https://www.chess.com"]

[Event "Titled Tuesday Blitz February 21 Early 2023"]
[White "Chigaev, Maksim"]
[Black "Kononenko, Dmitry"]
[WhiteFideId "4108116"]
[BlackFideId "14113538"]
[WhiteElo "2628"]
[BlackElo "2256"]
[Result "1-0"]
[Round "03"]
[TimeControl "180+2"]
[Date "2023.02.21"]
[WhiteClock "0:00:15"]
[BlackClock "0:00:02"]

1. e4 c6 2. Nf3 d5 3. d3 dxe4 4. dxe4 Qxd1+ 5. Kxd1 g6 6. Nbd2 Bg7 7. Ne1 f5 8. exf5 gxf5 9. c3 e5 10. Kc2 Nf6 11. Nd3 Nbd7 12. h3 O-O 13. Nc4 Nd5 14. Nd6 f4 15. Bd2 N7b6 16. Nxc8 Raxc8 17. Nc5 Rf7 18. Re1 Re8 19. Bd3 Bf8 20. Ne4 Nd7 21. g3 Nc5 22. Nxc5 Bxc5 23. gxf4 Nxf4 24. Bc4 Nd5 25. f4 e4 26. b4 Bb6 27. Rhf1 e3 28. Bc1 Kg7 29. a4 Rxf4 30. Rxf4 Nxf4 31. a5 Bc7 32. Bxe3 Kg6 33. Bxf4 Rxe1 34. Bxc7 Rh1 35. Be6 Kf6 36. Bc8 b6 37. axb6 axb6 38. Bxb6 Ke7 39. Kb3 Kd6 40. Bd4 Rb1+ 41. Kc4 Rf1 42. Bg4 Kc7 43. Be5+ Kb6 44. Kd4 Rh1 45. Ke4 Rf1 46. Bd4+ Kc7 47. Be3 Kb7 48. h4 Rh1 49. h5 Rh2 50. Kf5 Rh1 51. Bd4 Rf1+ 52. Kg5 Rc1 53. Bf5 Rc2 54. Bxc2 1-0


[Site "https://www.chess.com"]

[Event "Titled Tuesday Blitz February 21 Early 2023"]
[White "Rosen, Eric"]
[Black "Ter-Sahakyan, Samvel"]
[WhiteFideId "2032562"]
[BlackFideId "13302531"]
[WhiteElo "2349"]
[BlackElo "2617"]
[Result "0-1"]
[Round "03"]
[TimeControl "180+2"]
[Date "2023.02.21"]
[WhiteClock "0:00:02"]
[BlackClock "0:00:14"]

1. d4 Nf6 2. Bf4 d5 3. e3 c5 4. Nf3 Nc6 5. Nbd2 Nh5 6. dxc5 Nxf4 7. exf4 Qa5 8. c4 e6 9. a3 Qxc5 10. b4 Qd6 11. g3 g6 12. Qb3 Bg7 13. Rd1 O-O 14. Bg2 a5 15. c5 Qc7 16. O-O axb4 17. axb4 b6 18. Rc1 bxc5 19. bxc5 Ba6 20. Rfe1 Rfb8 21. Qe3 Rb4 22. Ne5 Nxe5 23. fxe5 Rc8 24. Qa3 Qb7 25. Ra1 Bc4 26. Reb1 Rxb1+ 27. Rxb1 Qa6 28. Nxc4 Qxc4 29. Rc1 Qb5 30. Bf1 Qc6 31. Qb2 Qc7 32. f4 g5 33. c6 gxf4 34. gxf4 Bh6 35. Qf2 Kh8 36. Bd3 Qe7 37. Kf1 Qb4 38. f5 Bxc1 39. fxe6 Qf4 40. Qxf4 Bxf4 41. exf7 Kg7 42. e6 Bd6 43. Bb5 Kf6 0-1


[Site "https://www.chess.com"]

[Event "Titled Tuesday Blitz February 21 Early 2023"]
[White "Karthik Rajaa"]
[Black "Madaminov, Mukhiddin"]
[WhiteFideId "25035215"]
[BlackFideId "14210703"]
[WhiteElo "2276"]
[BlackElo "2422"]
[Result "1/2-1/2"]
[Round "03"]
[TimeControl "180+2"]
[Date "2023.02.21"]
[WhiteClock "0:00:16"]
[BlackClock "0:00:27"]

1. Nf3 Nf6 2. c4 b6 3. g3 Bb7 4. Bg2 e6 5. O-O Be7 6. Nc3 O-O 7. d4 Ne4 8. Bd2 Nxc3 9. Bxc3 Be4 10. Re1 c5 11. e3 Bf6 12. Rc1 Nc6 13. Ne5 Bxg2 14. Kxg2 Qc7 15. Nxc6 Qxc6+ 16. d5 exd5 17. cxd5 Qd6 18. e4 Rfe8 19. f4 Bxc3 20. bxc3 Qg6 21. e5 d6 22. Qf3 Rad8 23. f5 Qh6 24. e6 Qd2+ 25. Kg1 fxe6 26. dxe6 d5 27. f6 gxf6 28. Qxf6 Rf8 29. e7 Rxf6 30. exd8=Q+ Rf8 31. Qe7 Qf2+ 32. Kh1 Qf3+ 33. Kg1 Qf2+ 34. Kh1 Qf3+ 35. Kg1 Qf2+ 1/2-1/2


[Site "https://www.chess.com"]

[Event "Titled Tuesday Blitz February 21 Early 2023"]
[White "Megalios, Konstantinos"]
[Black "Ibarra Jerez, Jose Carlos"]
[WhiteFideId "4238044"]
[BlackFideId "2226332"]
[WhiteElo "2372"]
[BlackElo "2563"]
[Result "0-1"]
[Round "03"]
[TimeControl "180+2"]
[Date "2023.02.21"]
[WhiteClock "0:00:10"]
[BlackClock "0:01:16"]

1. Nf3 Nf6 2. c4 d6 3. g3 g6 4. Bg2 Bg7 5. b3 e5 6. Bb2 O-O 7. Nc3 Re8 8. d3 c6 9. O-O d5 10. cxd5 cxd5 11. Rc1 d4 12. Nb5 Nc6 13. e3 a6 14. Na3 dxe3 15. fxe3 Nd5 16. Nc4 b5 17. e4 Ndb4 18. Ne3 Qb6 19. Qe2 Bh6 20. Rfe1 Nd4 21. Qf1 Ndc2 22. d4 Nxe3 0-1


[Site "https://www.chess.com"]

[Event "Titled Tuesday Blitz February 21 Early 2023"]
[White "Livaic, Leon"]
[Black "Derix, Bernhard"]
[WhiteFideId "14531534"]
[BlackFideId "4642368"]
[WhiteElo "2579"]
[BlackElo "2065"]
[Result "1-0"]
[Round "03"]
[TimeControl "180+2"]
[Date "2023.02.21"]
[WhiteClock "0:00:13"]
[BlackClock "0:00:18"]

1. Nf3 Nf6 2. g3 g6 3. Bg2 Bg7 4. O-O O-O 5. d4 d6 6. a4 a5 7. Re1 c6 8. e4 Nbd7 9. Na3 e5 10. c3 Qc7 11. Nc4 exd4 12. cxd4 Re8 13. Bf4 Nxe4 14. Nxd6 Nxd6 15. Rxe8+ Nxe8 16. Bxc7 Nxc7 17. Qb3 Nd5 18. Re1 N7f6 19. Ne5 Bf8 20. Nd3 Rb8 21. Bxd5 cxd5 22. Qb6 Bf5 23. Nc5 Ne4 24. Nxe4 Bxe4 25. Qxa5 Rc8 26. Qb6 Rc2 27. Qxb7 h5 28. a5 Bg7 29. Rxe4 dxe4 30. a6 Bxd4 31. Qxe4 Bxf2+ 32. Kf1 Rd2 33. a7 Bxa7 34. Qa8+ Kg7 35. Qxa7 Rxh2 36. Qd4+ Kg8 37. b4 h4 38. gxh4 Rc2 39. b5 Rc1+ 40. Ke2 Rb1 41. b6 Kh7 42. Qc5 Rb3 43. Qc7 Kh6 44. b7 Rb2+ 45. Kd3 Rb3+ 46. Kc2 Rb5 47. b8=Q 1-0


[Site "https://www.chess.com"]

[Event "Titled Tuesday Blitz February 21 Early 2023"]
[White "TheKnightOfBosnia"]
[Black "Predke, Alexandr"]
[BlackFideId "24107581"]
[WhiteElo "2616"]
[BlackElo "2685"]
[Result "0-1"]
[Round "03"]
[TimeControl "180+2"]
[Date "2023.02.21"]
[WhiteClock "0:00:09"]
[BlackClock "0:00:11"]

1. e4 c5 2. Nf3 e6 3. d4 cxd4 4. Nxd4 a6 5. Nc3 b5 6. a3 Bb7 7. Bd3 Nc6 8. Nxc6 Bxc6 9. f4 Bc5 10. Qe2 Ne7 11. Be3 Qb6 12. Bxc5 Qxc5 13. Qf2 Qxf2+ 14. Kxf2 d5 15. Rhd1 O-O 16. exd5 Nxd5 17. Nxd5 Bxd5 18. c3 Bb3 19. Be4 Rad8 20. Rxd8 Rxd8 21. Ke3 Kf8 22. Bb7 Rd6 23. Re1 Bc4 24. Be4 h6 25. Bc2 g5 26. fxg5 hxg5 27. Rd1 Rxd1 28. Bxd1 Ke7 29. b3 Bd5 30. g3 f5 31. a4 bxa4 32. bxa4 a5 33. h4 gxh4 34. gxh4 e5 35. Bf3 f4+ 36. Kf2 e4 37. Be2 e3+ 38. Ke1 f3 39. Bb5 Be6 40. Bf1 Kf6 41. c4 Bd7 42. c5 Bxa4 43. h5 Kg5 44. Be2 f2+ 45. Kf1 Bd7 46. Kg2 Bc6+ 47. Kf1 a4 48. Bc4 a3 49. Ke2 Kh6 50. Kxe3 a2 0-1


[Site "https://www.chess.com"]

[Event "Titled Tuesday Blitz February 21 Early 2023"]
[White "Gokerkan, Cem Kaan"]
[Black "Kalashian, David"]
[WhiteFideId "6336760"]
[BlackFideId "13302418"]
[WhiteElo "2500"]
[BlackElo "2398"]
[Result "1-0"]
[Round "03"]
[TimeControl "180+2"]
[Date "2023.02.21"]
[WhiteClock "0:00:46"]
[BlackClock "0:00:55"]

1. e4 c6 2. d3 g6 3. Nd2 Bg7 4. g3 d6 5. Bg2 Nf6 6. f4 O-O 7. Ngf3 c5 8. O-O Nc6 9. h3 b5 10. a4 b4 11. e5 Nd7 12. e6 fxe6 13. Ng5 Ndb8 14. Re1 e5 15. Bd5+ Kh8 16. Nf7+ Rxf7 17. Bxf7 exf4 18. gxf4 Bxh3 19. Qf3 Bd7 20. Nb3 Na6 21. Bd2 Rc8 22. Re2 Nc7 23. Rae1 e6 24. f5 gxf5 25. Rh2 d5 26. Rxh7+ Kxh7 27. Qh5+ 1-0


[Site "https://www.chess.com"]

[Event "Titled Tuesday Blitz February 21 Early 2023"]
[White "Cuenca Jimenez, Jose Fernando"]
[Black "Grigoriants, Sergey"]
[WhiteFideId "2255570"]
[BlackFideId "4130804"]
[WhiteElo "2535"]
[BlackElo "2562"]
[Result "0-1"]
[Round "03"]
[TimeControl "180+2"]
[Date "2023.02.21"]
[WhiteClock "0:00:03"]
[BlackClock "0:00:02"]

1. d4 Nf6 2. c4 g6 3. Nc3 d5 4. cxd5 Nxd5 5. e4 Nxc3 6. bxc3 Bg7 7. Nf3 c5 8. Be3 Qa5 9. Qd2 O-O 10. Rc1 Bg4 11. d5 Bxf3 12. gxf3 Nd7 13. h4 h5 14. f4 Nf6 15. f3 Rfd8 16. f5 gxf5 17. Rg1 Kh7 18. Bd3 c4 19. Bb1 e5 20. Qg2 Rg8 21. Qh3 f4 22. Qf5+ Kh8 23. Rg5 Qa6 24. Bxf4 exf4 25. e5 Rae8 26. Kf1 Rxe5 27. Qxe5 Re8 28. Rxh5+ Kg8 29. Qf5 Nxh5 30. Qxh5 Qa3 31. Rc2 Qc5 32. Rg2 Kf8 33. Qg5 Bxc3 34. Qh5 Re1# 0-1


[Site "https://www.chess.com"]

[Event "Titled Tuesday Blitz February 21 Early 2023"]
[White "Bernadskiy, Vitaliy"]
[Black "Tan, Jun Ying"]
[WhiteFideId "14100371"]
[BlackFideId "5710413"]
[WhiteElo "2592"]
[BlackElo "2307"]
[Result "1-0"]
[Round "03"]
[TimeControl "180+2"]
[Date "2023.02.21"]
[WhiteClock "0:02:21"]
[BlackClock "0:00:09"]

1. e4 c6 2. d4 d5 3. Nc3 dxe4 4. Nxe4 Nf6 5. Nxf6+ exf6 6. Bd3 Qxd4 7. Nf3 Qd8 8. O-O Be7 9. c3 O-O 10. Qc2 g6 11. Bh6 Re8 12. Rad1 Qc7 13. Bc4 Bg4 14. Rfe1 Qb6 15. b4 Be6 16. Bxe6 fxe6 17. Qb3 Na6 18. Qxe6+ Kh8 19. Qf7 1-0


[Site "https://www.chess.com"]

[Event "Titled Tuesday Blitz February 21 Early 2023"]
[White "Sadykov, Ramil"]
[Black "Molina, Roberto Junio Brito"]
[WhiteFideId "24113590"]
[BlackFideId "2109450"]
[WhiteElo "2345"]
[BlackElo "2403"]
[Result "1/2-1/2"]
[Round "03"]
[TimeControl "180+2"]
[Date "2023.02.21"]
[WhiteClock "0:01:03"]
[BlackClock "0:00:48"]

1. e4 c6 2. Nc3 d5 3. Nf3 dxe4 4. Nxe4 Bg4 5. h3 Bxf3 6. Qxf3 Nd7 7. d4 Ndf6 8. Nxf6+ Nxf6 9. c3 Qd5 10. Qxd5 Nxd5 11. Be2 e6 12. O-O g6 13. Bf3 O-O-O 14. Re1 h5 15. h4 Bh6 16. g3 Bxc1 17. Raxc1 Rd7 18. Kg2 Rhd8 19. Re5 Nf6 20. Rce1 Kc7 21. Kf1 Kd6 22. Ke2 Rc7 23. Ke3 Nd7 24. Re4 f5 25. Rf4 Nf6 26. Bg2 b6 27. Rd1 Ke7 28. Ke2 Rd6 29. Rf3 Rcd7 30. Rfd3 Nd5 31. Bxd5 Rxd5 32. f4 Kf6 33. Ke3 Rd8 34. c4 R5d7 35. R1d2 Ke7 36. Rd1 Kd6 37. R1d2 Ke7 38. Rd1 Kf6 39. R1d2 Ke7 1/2-1/2


[Site "https://www.chess.com"]

[Event "Titled Tuesday Blitz February 21 Early 2023"]
[White "Rakhmanov, Aleksandr"]
[Black "Fiorito, Joaquin"]
[WhiteFideId "4173708"]
[BlackFideId "180173"]
[WhiteElo "2632"]
[BlackElo "2405"]
[Result "0-1"]
[Round "03"]
[TimeControl "180+2"]
[Date "2023.02.21"]
[WhiteClock "0:00:15"]
[BlackClock "0:00:18"]

1. d4 Nf6 2. c4 e6 3. Nc3 Bb4 4. Qc2 d5 5. cxd5 exd5 6. Bg5 h6 7. Bxf6 Qxf6 8. e3 c6 9. Nf3 O-O 10. Bd3 Nd7 11. O-O Re8 12. Rfe1 a5 13. Rab1 Bxc3 14. bxc3 Qd6 15. a4 c5 16. Bb5 b6 17. Ne5 f6 18. Nxd7 Bxd7 19. Bxd7 Qxd7 20. Rxb6 Rac8 21. Qb3 cxd4 22. cxd4 Rc4 23. Rb5 Rxd4 24. Rxa5 Rc4 25. Rd1 Rec8 26. h3 Kh7 27. Rb5 d4 28. exd4 Rxd4 29. Qb1+ Kh8 30. Rxd4 Qxd4 31. Rb4 Qd2 32. Rb2 Rc1+ 33. Kh2 Qd6+ 34. g3 Rxb1 35. Rxb1 Qa3 36. Rb8+ Kh7 37. Ra8 Qb2 38. Kg1 Qb1+ 39. Kh2 Qc2 40. Kg1 Qd1+ 41. Kh2 Qd5 42. Re8 Qc6 43. Re3 Qxa4 44. h4 f5 45. Kg2 f4 46. Rf3 Qe4 47. gxf4 Kg6 48. Kg3 Kh5 49. Re3 Qd4 50. Re5+ Kg6 51. h5+ Kh7 52. Kf3 Qd3+ 53. Kg4 Qf1 54. Kg3 Qg1+ 55. Kf3 Qh1+ 56. Kg3 Qg1+ 57. Kf3 Qh2 58. Ke3 Kg8 59. Kf3 Kf7 60. Ke3 Qh3+ 61. Ke4 Kf6 62. Rd5 Qg2+ 63. Kd4 Qxf2+ 64. Ke4 Qe2+ 65. Kd4 Qd2+ 66. Ke4 Qe2+ 67. Kd4 Qf2+ 68. Ke4 Qg2+ 69. Kd4 Qxd5+ 70. Kxd5 Kf5 71. Kd6 Kxf4 72. Ke6 Kg5 73. Kf7 Kxh5 74. Kxg7 Kg5 75. Kf7 h5 76. Ke6 h4 77. Ke5 h3 78. Ke4 h2 79. Kf3 h1=Q+ 80. Kf2 Qe4 81. Kg1 Qe2 82. Kh1 Kg4 83. Kg1 Kg3 84. Kh1 Qe1# 0-1


[Site "https://www.chess.com"]

[Event "Titled Tuesday Blitz February 21 Early 2023"]
[White "Pajeken, Jakob Leon"]
[Black "Ivic, Velimir"]
[WhiteFideId "12942839"]
[BlackFideId "950122"]
[WhiteElo "2417"]
[BlackElo "2595"]
[Result "0-1"]
[Round "03"]
[TimeControl "180+2"]
[Date "2023.02.21"]
[WhiteClock "0:00:18"]
[BlackClock "0:00:24"]

1. Nf3 Nf6 2. c4 g6 3. Nc3 Bg7 4. e4 d6 5. g3 c5 6. d4 cxd4 7. Nxd4 Nc6 8. Nc2 Ne5 9. Ne3 h5 10. h3 Be6 11. f4 Nc6 12. Bg2 Qd7 13. Qa4 Rc8 14. Bd2 O-O 15. O-O-O a6 16. Kb1 b5 17. cxb5 axb5 18. Qxb5 Rb8 19. Qf1 Qb7 20. Bc1 Nxe4 21. Bxe4 Bxc3 22. Qg2 Qa6 23. Bd5 Nb4 24. Bxe6 fxe6 25. a3 Nc6 26. Qc2 Qxa3 27. Qxg6+ Bg7 28. Rd3 Rxb2+ 0-1


[Site "https://www.chess.com"]

[Event "Titled Tuesday Blitz February 21 Early 2023"]
[White "Stribuk, Artiom"]
[Black "Mamedov, Edgar"]
[WhiteFideId "13515659"]
[BlackFideId "13739980"]
[WhiteElo "2378"]
[BlackElo "2193"]
[Result "1/2-1/2"]
[Round "03"]
[TimeControl "180+2"]
[Date "2023.02.21"]
[WhiteClock "0:00:27"]
[BlackClock "0:00:16"]

1. d4 d5 2. c4 c6 3. Nf3 Nf6 4. g3 Bf5 5. Nc3 e6 6. Qb3 Qb6 7. c5 Qc7 8. Bf4 Qc8 9. Nh4 Bg4 10. h3 Bh5 11. g4 Bg6 12. Bg2 Nbd7 13. Nxg6 hxg6 14. O-O Be7 15. e4 dxe4 16. Nxe4 Nxe4 17. Bxe4 Nf6 18. Bg2 Nd5 19. Bg3 g5 20. Bxd5 exd5 21. Rae1 Kf8 22. Rxe7 Kxe7 23. Bd6+ Kd8 24. Kg2 Re8 25. Qb4 Qd7 26. Rd1 Kc8 27. Rd3 a5 28. Qd2 b5 29. Qxg5 f6 30. Qd2 Kb7 31. Ra3 a4 32. b3 axb3 1/2-1/2


[Site "https://www.chess.com"]

[Event "Titled Tuesday Blitz February 21 Early 2023"]
[White "Vakhlamov, Igor L."]
[Black "Danielyan, Vahe"]
[WhiteFideId "24126748"]
[BlackFideId "13304828"]
[WhiteElo "2413"]
[BlackElo "2346"]
[Result "1-0"]
[Round "03"]
[TimeControl "180+2"]
[Date "2023.02.21"]
[WhiteClock "0:00:03"]
[BlackClock "0:00:04"]

1. e4 d5 2. exd5 Qxd5 3. Nc3 Qe5+ 4. Be2 Bg4 5. d4 Bxe2 6. Ngxe2 Qa5 7. O-O Nf6 8. b4 Qh5 9. Nf4 Qxd1 10. Rxd1 e6 11. Rb1 Nc6 12. a3 O-O-O 13. Be3 Bd6 14. Nd3 Rhe8 15. h3 e5 16. d5 Ne7 17. Nb2 Nf5 18. Nc4 Nxe3 19. Nxe3 g6 20. Nb5 Ne4 21. f3 a6 22. Na7+ Kb8 23. fxe4 Kxa7 24. c4 Bf8 25. Rf1 Bh6 26. Ng4 Bf4 27. g3 Bxg3 28. Rxf7 h5 29. Ne3 Bf4 30. Ng2 g5 31. Rxc7 g4 32. h4 Bd2 33. c5 Bc3 34. c6 Bd4+ 35. Kh2 g3+ 36. Kh3 Rb8 37. Kxg3 Rg8+ 38. Kh3 Rbf8 39. Rxb7+ Ka8 40. Rb3 Rf1 41. Kh2 Bg1+ 42. Kh3 Be3 43. Kh2 Bg1+ 44. Kh3 Bd4 45. Kh2 Rf2 46. Rg3 1-0


[Site "https://www.chess.com"]

[Event "Titled Tuesday Blitz February 21 Early 2023"]
[White "Boros, Denes"]
[Black "Papp, Levente"]
[WhiteFideId "722340"]
[BlackFideId "751243"]
[WhiteElo "2406"]
[BlackElo "2353"]
[Result "1-0"]
[Round "03"]
[TimeControl "180+2"]
[Date "2023.02.21"]
[WhiteClock "0:00:22"]
[BlackClock "0:00:01"]

1. d4 e6 2. Nc3 d5 3. Nf3 Nf6 4. Bg5 Bb4 5. Qd3 h6 6. Bxf6 Qxf6 7. e4 dxe4 8. Qxe4 O-O 9. Bd3 g6 10. h4 c5 11. O-O-O cxd4 12. Nb5 Nd7 13. Nbxd4 Nc5 14. Qe3 Nxd3+ 15. Rxd3 Bd6 16. Kb1 Bf4 17. Qe2 e5 18. g3 Bf5 19. Nxf5 Qxf5 20. Rdd1 Rfe8 21. Rhe1 Rac8 22. gxf4 Qxf4 23. Qe4 Qf6 24. Rd5 Qb6 25. Qe3 Qc6 26. Rd2 e4 27. Nh2 Kh7 28. Nf1 f5 29. Ng3 Qf6 30. Ne2 Re7 31. Nf4 Qf7 32. Rd6 Rec7 33. c3 Rc6 34. Red1 Rxd6 35. Rxd6 Rc6 36. Rd8 Qc4 37. Qd2 Rc7 38. a3 Qf1+ 39. Kc2 Qb5 40. Qd4 1-0


[Site "https://www.chess.com"]

[Event "Titled Tuesday Blitz February 21 Early 2023"]
[White "Harsh Suresh"]
[Black "Maltsevskaya, Aleksandra"]
[WhiteFideId "45018464"]
[BlackFideId "24174041"]
[WhiteElo "2298"]
[BlackElo "2390"]
[Result "0-1"]
[Round "03"]
[TimeControl "180+2"]
[Date "2023.02.21"]
[WhiteClock "0:00:03"]
[BlackClock "0:00:09"]

1. e4 c5 2. Nc3 e6 3. Nge2 Nc6 4. g3 Nf6 5. Bg2 d5 6. exd5 exd5 7. d4 Bg4 8. Be3 cxd4 9. Bxd4 Bd6 10. O-O O-O 11. h3 Bxe2 12. Nxe2 Rc8 13. c3 Re8 14. Be3 Qa5 15. Bg5 Ne4 16. Bf4 Bf8 17. Nd4 Nxd4 18. Qxd4 Bc5 19. Qd3 Qb6 20. Qc2 h6 21. Rad1 g5 22. Bxe4 Rxe4 23. Rxd5 Qe6 24. Rxc5 Rxc5 25. Be3 Rd5 26. Rd1 Ree5 27. Rxd5 Qxd5 28. Qe2 Qxa2 29. c4 Re4 30. Qh5 Qb1+ 31. Kg2 Re6 32. Qf3 Qe4 33. Bxa7 Qxc4 34. Qxb7 Rc6 35. Qd7 Qe4+ 36. Kh2 Rc1 37. Qd8+ Kh7 38. g4 Rh1+ 39. Kg3 Rg1+ 40. Kh2 Qg2# 0-1


[Site "https://www.chess.com"]

[Event "Titled Tuesday Blitz February 21 Early 2023"]
[White "Urbina Perez, Juan Antonio"]
[Black "Movahed, Sina"]
[WhiteFideId "2217368"]
[BlackFideId "42520835"]
[WhiteElo "2266"]
[BlackElo "2340"]
[Result "0-1"]
[Round "03"]
[TimeControl "180+2"]
[Date "2023.02.21"]
[WhiteClock "0:01:30"]
[BlackClock "0:01:57"]

1. d4 Nf6 2. c4 g6 3. Nf3 Bg7 4. e3 O-O 5. Be2 d6 6. O-O Nbd7 7. Nc3 e5 8. b4 Re8 9. a4 a5 10. b5 exd4 11. Nxd4 Nc5 12. Ba3 Ne6 13. Nxe6 Bxe6 14. Rc1 Nd7 15. Nd5 Nc5 16. Bxc5 dxc5 17. Bg4 f5 18. Bf3 Bf7 19. Nf4 g5 20. Qxd8 Raxd8 21. Nd5 g4 22. Be2 c6 23. bxc6 bxc6 24. Nf4 Rd2 25. Rfd1 Ra2 26. Rd6 Be5 0-1


[Site "https://www.chess.com"]

[Event "Titled Tuesday Blitz February 21 Early 2023"]
[White "Di Nicolantonio, Lucas"]
[Black "Ahmadzada, Ahmad"]
[WhiteFideId "680460"]
[BlackFideId "13413007"]
[WhiteElo "2376"]
[BlackElo "2488"]
[Result "1-0"]
[Round "03"]
[TimeControl "180+2"]
[Date "2023.02.21"]
[WhiteClock "0:00:14"]
[BlackClock "0:00:04"]

1. Nf3 c5 2. e4 a6 3. c3 e6 4. d4 d5 5. e5 Bd7 6. a4 Nc6 7. Bd3 Rc8 8. O-O cxd4 9. Re1 dxc3 10. Nxc3 Bb4 11. Bc2 Nge7 12. h4 h6 13. h5 Na5 14. Nd4 Nec6 15. Nxc6 Nxc6 16. Qg4 Kf8 17. Bd2 d4 18. Nb1 Bxd2 19. Nxd2 Qg5 20. Qe4 Qxd2 21. f4 Nb4 22. Re2 Qxe2 23. Qxe2 Rxc2 24. Qe1 a5 25. Rc1 d3 26. Rd1 Bc6 27. Rd2 Ke7 28. Qh4+ Kd7 29. Qf2 Rxd2 30. Qxd2 Rc8 31. f5 Bd5 32. fxe6+ Bxe6 33. Qe3 Rc2 34. Qd4+ Kc6 35. Qd6# 1-0


[Site "https://www.chess.com"]

[Event "Titled Tuesday Blitz February 21 Early 2023"]
[White "Parpiev, Isaak"]
[Black "Boruchovsky, Avital"]
[WhiteFideId "34281576"]
[BlackFideId "2800055"]
[WhiteElo "2167"]
[BlackElo "2539"]
[Result "0-1"]
[Round "03"]
[TimeControl "180+2"]
[Date "2023.02.21"]
[WhiteClock "0:00:02"]
[BlackClock "0:00:05"]

1. e4 e5 2. Nf3 Nc6 3. Bc4 Nf6 4. d3 Be7 5. O-O O-O 6. c3 d5 7. exd5 Nxd5 8. Re1 Nb6 9. Bb3 Bg4 10. h3 Bh5 11. a4 a6 12. a5 Nd7 13. Bc2 f5 14. Nbd2 Bf6 15. Nf1 Nc5 16. Ng3 Bg6 17. b4 Nd7 18. Ba3 Re8 19. Bb2 b5 20. axb6 Nxb6 21. Qb1 Kh8 22. Ra3 Nd5 23. Qa1 Qc8 24. Ba4 Qb7 25. c4 Ndxb4 26. Nxe5 Bxe5 27. Bxe5 Rxe5 28. Rxe5 Nxe5 29. Qxe5 c6 30. Nxf5 Re8 31. Nd6 Qc7 32. Qg3 Re1+ 33. Kh2 Nxd3 34. Rxd3 Bxd3 35. Qxd3 c5 36. Qg3 Re6 37. Nf5 Qxg3+ 38. Kxg3 Re4 39. Ne3 Rd4 40. Kf3 g6 41. Ke2 Kg7 42. Bb3 Kf6 43. Nc2 Rd6 44. Ke3 a5 45. Na3 Ke5 46. f4+ Kf6 47. Nb5 Re6+ 48. Kd2 Re4 49. g3 g5 50. fxg5+ Kxg5 51. Nc3 Re7 52. Nd5 Rb7 53. Ba4 Rb2+ 54. Ke3 Rg2 55. Kf3 Ra2 56. h4+ Kh6 57. Bb5 a4 58. Kf4 a3 59. g4 Rf2+ 60. Kg3 a2 61. g5+ Kg7 62. Kxf2 a1=Q 63. Kg3 Qe5+ 64. Kg4 h6 65. Bd7 Qe2+ 66. Kg3 hxg5 67. hxg5 Qxc4 68. Nf4 Qc3+ 69. Kg4 Qe1 70. Ne6+ Kg8 71. Nf4 Qd1+ 0-1


[Site "https://www.chess.com"]

[Event "Titled Tuesday Blitz February 21 Early 2023"]
[White "Shapiro, Viktor"]
[Black "Zemlyanskii, Ivan"]
[WhiteFideId "4175700"]
[BlackFideId "24249971"]
[WhiteElo "2192"]
[BlackElo "2300"]
[Result "0-1"]
[Round "03"]
[TimeControl "180+2"]
[Date "2023.02.21"]
[WhiteClock "0:00:06"]
[BlackClock "0:00:19"]

1. c4 Nc6 2. Nc3 e5 3. g3 Bb4 4. Bg2 Bxc3 5. bxc3 d6 6. d3 Nf6 7. f4 O-O 8. Nf3 e4 9. Nd4 Re8 10. O-O Nxd4 11. cxd4 Bg4 12. Rf2 Qd7 13. Qc2 Bf5 14. dxe4 Nxe4 15. Bxe4 Bxe4 16. Qc3 d5 17. cxd5 Bxd5 18. f5 Bc6 19. Qc4 Re4 20. Bb2 Rae8 21. f6 Bd5 22. Qd3 Re3 23. Qf5 Qxf5 24. Rxf5 c6 25. Re5 R8xe5 26. dxe5 Rxe2 27. Bd4 Rg2+ 28. Kf1 Rxh2 29. Re1 Rxa2 30. e6 Bxe6 31. fxg7 a5 32. Be5 Rd2 33. Ra1 Rd5 34. Bb2 f6 35. Kg1 Kxg7 36. Rf1 Rf5 37. Re1 Kf7 38. Rd1 Rb5 39. Bc3 Rb3 40. Bxa5 Rxg3+ 41. Kf2 Rb3 42. Bd2 Rd3 43. Ke2 Bc4 44. Ke1 b5 45. Rc1 h5 46. Bc3 h4 47. Kf2 h3 48. Bb4 Bd5 49. Kg1 Rb3 50. Kh2 Rxb4 0-1


[Site "https://www.chess.com"]

[Event "Titled Tuesday Blitz February 21 Early 2023"]
[White "Ramirez Allo, Eduardo"]
[Black "Kukhmazov, Arsen"]
[WhiteFideId "2224178"]
[BlackFideId "24108260"]
[WhiteElo "2274"]
[BlackElo "2512"]
[Result "0-1"]
[Round "03"]
[TimeControl "180+2"]
[Date "2023.02.21"]
[WhiteClock "0:00:03"]
[BlackClock "0:00:29"]

1. Nf3 d5 2. c4 c6 3. d4 Nf6 4. Qc2 g6 5. cxd5 cxd5 6. Nc3 Bg7 7. Bf4 O-O 8. e3 Nc6 9. Be2 Qb6 10. O-O Bf5 11. Qb3 Qxb3 12. axb3 Rfc8 13. Ne5 h6 14. h3 g5 15. Bg3 Bc2 16. Ra3 e6 17. Rc1 Bh7 18. Nxc6 Rxc6 19. Rca1 a6 20. Be5 Ne4 21. Bxg7 Kxg7 22. b4 Rac8 23. b5 axb5 24. Nxe4 Bxe4 25. f3 Bg6 26. Bxb5 Rb6 27. Rb3 Bc2 28. Rb4 Bd3 29. Ra5 Rc2 30. Kh2 Bf1 31. Bxf1 Rxb4 32. b3 Rxb3 33. e4 Rxf3 34. exd5 Rxf1 35. d6 Rc8 36. Ra7 Rb1 37. d7 Rd8 38. Rxb7 Rxb7 0-1


[Site "https://www.chess.com"]